 Dungeon Crawl Stone Soup version 0.30.1-11-g7821555f0a (webtiles) character file.

Game seed: 4716992412037673220

123 case the Trooper (level 4, 0/41 HPs)
             Began as a Minotaur Berserker on Dec 25, 2023.
             Was a Believer of Trog.
             Slain by Grinder (2 damage)
             ... on level 5 of the Dungeon.
             The game lasted 00:04:22 (3351 turns).

case the Trooper (Minotaur Berserker)               Turns: 3351, Time: 00:04:23

Health: 0/41       AC: 11    Str: 23    XL:     4   Next: 80%
Magic:  3/3        EV:  7    Int:  4    God:    Trog [**....]
Gold:   190        SH:  0    Dex: 10    Spells: 3/3 levels left

rFire   + . .        w - +0 war axe
rCold   + . .        (no shield)
rNeg    . . .        v - +0 plate armour
rPois   +            (helmet restricted)
rElec   +            (no cloak)
rCorr   +            (no gloves)
SInv    .            (no boots)
Will    .....        (no amulet) Stlth
                     (no ring)
HPRegen 0.26/turn    (no ring)
MPRegen 0.08/turn

%: no passive effects
@: resistant, on berserk cooldown, slowed, very slow
A: horns 2, retaliatory headbutt
a: Renounce Religion, Berserk, Trog's Hand


You were on level 5 of the Dungeon.
You worshipped Trog.
Trog was pleased with you.
You visited 1 branch of the dungeon, and saw 5 of its levels.

You collected 190 gold pieces.

Inventory:

Hand Weapons
 a - a +0 hand axe
 w - a +0 war axe (weapon)
Armour
 b - a +0 animal skin
 v - a +0 plate armour (worn)
Jewellery
 j - an amulet of guardian spirit
Scrolls
 c - 2 scrolls of identify
 e - a scroll of teleportation {unknown}
 h - 2 scrolls of butterflies
 i - 2 scrolls of blinking
 m - 2 scrolls of poison {unknown}
 n - a scroll of immolation {unknown}
 q - a scroll of torment {unknown}
 r - 2 scrolls of enchant armour {unknown}
 s - 2 scrolls of noise {unknown}
 x - a scroll of vulnerability {unknown}
Potions
 d - 4 potions of curing
 f - a potion of ambrosia {unknown}
 g - 2 potions of berserk rage {unknown}
 k - a potion of haste {unknown}
 l - a potion of might {unknown}
 o - 3 potions of resistance
 p - a potion of attraction {unknown}
 t - a potion of lignification {unknown}
 u - 3 potions of heal wounds {unknown}


   Skills:
 + Level 4.6 Fighting
 * Level 4.5 Axes
 + Level 3.7 Armour
 - Level 3.3 Dodging


You had 3 spell levels left.
You didn't know any spells.
Your spell library was empty.

Dungeon Overview and Level Annotations

Branches:
Dungeon (5/15)             Temple (0/1) D:4

Altars:
Sif Muna

Annotations:
D:5 Grinder


Innate Abilities, Weirdness & Mutations

You have a pair of horns on your head.
You reflexively headbutt those who attack you in melee.


Message History

You slash Grinder! Your headbutt misses Grinder.
Grinder is moderately wounded.
Grinder zaps a wand.
The puff of flame hits you!
You slice Grinder!!
Grinder is severely wounded.
Grinder blinks!
Grinder says, "There's only one good use for a tongue: cutting it out."
Grinder blinks!
You feel a strong urge to attack something.
You slash Grinder!
Grinder is almost dead.
Grinder gestures at you.
You barely resist. You closely miss Grinder.
Grinder is almost dead.
Grinder gestures at you. Pain shoots through your body!
You barely miss Grinder.
Grinder is almost dead.
You are no longer berserk.
You are exhausted.
You feel yourself slow down.
Grinder zaps a wand.
The puff of flame hits you.
You closely miss Grinder.
Grinder is almost dead.
Grinder completely misses you. Grinder hits you but does no damage.
You hit Grinder but do no damage.
Grinder is almost dead.
Grinder hits you but does no damage. Grinder hits you.
You writhe in agony.
* * * LOW HITPOINT WARNING * * *
You feel better. Grinder gestures at you. Pain shoots through your body!
* * * LOW HITPOINT WARNING * * *
You feel protected.
Grinder zaps a wand.
The puff of flame hits you but does no damage.
Grinder hits you.
* * * LOW HITPOINT WARNING * * *
You writhe in agony.
You die...

#####
#...#
#.#.#
#@#.#
#5#.#
#.#.#
#.#.#
#.#5#
#.#.#
#<#.#
###)#
........#


You could see Grinder.

Vanquished Creatures
  An iguana (D:4)
  A gnoll (D:1)
  4 worms
  3 dart slugs (D:1)
  4 bats
  6 endoplasms
  6 giant cockroaches
  5 goblins
  A hobgoblin (D:3)
  3 jackals (D:4)
  2 quokkas
  8 ball pythons
  9 frilled lizards
  11 kobolds
  4 rats
68 creatures vanquished.

Notes
Turn   | Place    | Note
-------+----------+-------------------------------------------
     0 | D:1      | case the Minotaur Berserker began the quest for the Orb.
     0 | D:1      | Reached XP level 1. HP: 19/19 MP: 0/0
   155 | D:1      | Found a faded altar of an unknown god.
   243 | D:1      | Reached XP level 2. HP: 19/27 MP: 1/1
   339 | D:1      | Reached XP level 3. HP: 32/33 MP: 2/2
   738 | D:1      | Reached ** piety under Trog
  1524 | D:2      | Reached XP level 4. HP: 41/41 MP: 3/3
  3037 | D:4      | Found a staircase to the Ecumenical Temple.
  3295 | D:5      | Entered Level 5 of the Dungeon
  3314 | D:5      | Found a shimmering blue altar of Sif Muna.
  3314 | D:5      | Noticed Grinder
  3335 | D:5      | Paralysed by Grinder for 5 turns
  3351 | D:5      | HP: 2/41 [Grinder (5)]
  3351 | D:5      | Slain by Grinder

Illustrated notes

Levels and vault maps discovered:
D:1:      dpeg_arrival_rhombus, layout_loops_corners, basic_ecumenical_altar,
          minmay_tree_intersection, ebering_dispersal_statue_hall
D:2:      layout_basic, minmay_fountain_box
D:3:      layout_basic
D:4:      layout_basic, minmay_temple_entry_stoned_glass,
          kennysheep_generic_room_14
D:5:      layout_basic, mainiacjoe_overflow_cross_hatched, demons_altar,
          kennysheep_potato, uniq_grinder

Skill      XL: |  1  2  3 |
---------------+----------+-----
Axes           | 4 |  4.5
Fighting       | 4 |  4.6
Armour         | 3 |  3.7
Dodging        | 3 |  3.3

Action                     |  1- 3 |  4- 6 || total
---------------------------+-------+-------++-------
  Melee: Hand axe          |    78 |    39 ||   117
         Headbutt          |    12 |     3 ||    15
         War axe           |       |    10 ||    10
 Invoke: Berserk           |       |     2 ||     2
    Use: Scroll            |       |     5 ||     5
         Potion            |       |     2 ||     2
   Stab: Sleeping          |     1 |     1 ||     2
 Armour: Animal skin       |    12 |     6 ||    18
         Plate armour      |       |     5 ||     5
  Dodge: Dodged            |    38 |    31 ||    69
